AoeStats
← crtolino93

Nomad

506084672Analyzed
2v2 RM · 22d ago on Sep 12, 2026· 57m 51s· 4 players
Game mode
Random Map
Map size
176×176
Population
200
Speed
Normal
Resources
Standard
Victory
Conquest
Starting age
Dark Age
Ending age
Imperial Age
RankedLock teamsTeams togetherTeam positionsShared explorationLock speedFull tech treeHidden civsTurbo modeCheats
Victory
Defeat
🇬🇧 Berbers · United Kingdom
1085
+19
🇸🇮 Bengalis · Slovenia
1084
+19
🇷🇺 Celts · Russia
1178
-19
🇷🇺 Vikings · Russia
1137
-19
crtolino93
5:00 Loom
13:56 Feudal Age
14:30 Double-Bit Axe
14:57 Horse Collar
20:54 Castle Age
19:34 Forging
19:17 Fletching
20:29 Fishing Lines
22:03 Medium Warships
22:42 Wheelbarrow
22:09 Town Watch
24:23 Bow Saw
26:09 Padded Archer Armor
26:16 Scale Barding Armor
27:43 Stone Mining
27:47 Gold Mining
30:06 Bodkin Arrow
31:23 Heavy Plow
31:42 Leather Archer Armor
36:38 Imperial Age
35:29 Hand Cart
36:05 Gold Shaft Mining
36:27 Ballistics
37:59 Bracer
39:17 Conscription
42:41 Two-Man Saw
42:42 Paiks
43:26 Ring Archer Armor
43:33 Elite Elephant Archer
44:46 Chain Barding Armor
46:43 Elite Ratha (Ranged)
48:21 Bloodlines
47:33 Light Cavalry
48:15 Husbandry
48:57 Plate Barding Armor
48:58 Iron Casting
56:27 Chemistry
55:39 Masonry
56:31 Blast Furnace
56:05 Coinage
56:09 Crop Rotation
55:41 Elite Skirmisher
Bside
4:43 Loom
14:19 Feudal Age
14:52 Double-Bit Axe
21:18 Castle Age
20:55 Fishing Lines
22:21 Medium Warships
22:27 Scale Barding Armor
22:33 Bloodlines
22:46 Husbandry
23:08 Town Watch
23:29 Fletching
25:48 Bodkin Arrow
29:54 Padded Archer Armor
30:57 Bow Saw
31:20 Stone Mining
32:00 Ballistics
31:46 Horse Collar
33:06 Heavy Plow
33:44 Wheelbarrow
35:17 Careening
35:19 Clinker Construction
38:48 Imperial Age
38:17 Chain Barding Armor
39:32 Leather Archer Armor
39:05 Cavalier
40:25 Elite Genitour
42:08 Plate Barding Armor
41:39 Gillnets
43:50 Chemistry
43:12 Forging
43:03 Bracer
44:20 Gold Mining
47:48 Thumb Ring
51:00 Gold Shaft Mining
53:19 Heavy Scorpion
53:32 Light Cavalry
54:20 Hussar
moor_samara
5:50 Loom
14:09 Feudal Age
19:02 Gold Mining
21:42 Castle Age
19:37 Horse Collar
21:21 Stone Mining
26:02 Wheelbarrow
25:42 Heavy Plow
26:07 Pikeman
27:16 Double-Bit Axe
32:11 Imperial Age
31:23 Bow Saw
32:14 Capped Ram
34:01 Scale Mail Armor
36:21 Forging
37:07 Gold Shaft Mining
38:57 Chain Mail Armor
39:19 Iron Casting
41:30 Conscription
41:47 Fletching
42:58 Blast Furnace
54:41 Fishing Lines
artemjunior
5:11 Loom
15:00 Feudal Age
18:50 Castle Age
16:41 Double-Bit Axe
16:58 Fishing Lines
19:07 Fletching
21:07 Town Watch
21:45 Gold Mining
22:30 Bow Saw
25:19 Bodkin Arrow
25:25 Padded Archer Armor
27:38 Scale Mail Armor
27:43 Horse Collar
27:32 Pikeman
30:33 Ballistics
30:43 Chain Mail Armor
33:21 Leather Archer Armor
35:58 Imperial Age
33:57 Heavy Plow
35:15 Gold Shaft Mining
34:30 Stone Mining
35:22 Crossbowman
36:05 Elite Longship
36:32 Arbalester
40:38 Elite Skirmisher
41:34 Bracer
43:22 Town Patrol
44:52 Plate Mail Armor
44:33 Forging
44:53 Ring Archer Armor
45:14 Chieftains
45:36 Conscription
47:20 Squires
49:03 Elite Berserk
50:19 Hoardings
50:54 Iron Casting
51:36 Bogsveigar
Connection lost

Rejoining the realm…

Still unreachable

The connection could not be restored.

Session expired

The server has moved on; the page needs a fresh start.